 Dungeon Crawl Stone Soup version 0.31-a0-233-g139696dc86 (webtiles) character file.

Game seed: 18084131083377340045

73 qw the Shooter (level 4, -1/26 HPs)
             Began as a Gargoyle Hexslinger on July 7, 2023.
             Slain by a water moccasin (8 damage)
             ... on level 3 of the Dungeon.
             The game lasted 00:00:38 (1334 turns).

qw the Shooter (Gargoyle Hexslinger)                Turns: 1334, Time: 00:00:39

Health: -1/26      AC:  8    Str: 12    XL:     4   Next: 27%
Magic:  5/5        EV: 10    Int: 13    God:
Gold:   102        SH:  0    Dex: 14    Spells: 4/5 levels left

rFire   . . .        Y - +1 sling
rCold   . . .        (no shield)
rNeg    + . .        d - +0 ring mail
rPois   inf          (no helmet)
rElec   +            (no cloak)
rCorr   .            (no gloves)
SInv    .            (no boots)
Will    .....        (no amulet)
Stlth   +            (no ring)
HPRegen 0.24/turn    (no ring)
MPRegen 0.09/turn

%: no passive effects
@: no status effects
A: sickness immunity, AC +3, negative energy resistance 1, electricity
resistance, torment resistance 1, petrification resistance
a: no special abilities


You were on level 3 of the Dungeon.
You visited 1 branch of the dungeon, and saw 3 of its levels.

You collected 102 gold pieces.


Innate Abilities, Weirdness & Mutations

You are immune to sickness and miasma.
Your stone body is resilient. (AC +3)
You are immune to poison.
You resist negative energy. (rN+)
You are resistant to electric shocks. (rElec)
You are resistant to unholy torment.
You are immune to petrification.


   Skills:
 - Level 2.0 Fighting
 - Level 4.0 Ranged Weapons
 + Level 0.2 Armour
 - Level 1.5 Dodging
 - Level 1.0 Spellcasting
 - Level 2.6 Hexes


You had 4 spell levels left.
You knew the following spells:

 Your Spells              Type           Power      Damage    Failure   Level
a - Slow                  Hex            28%        N/A       22%         1

Your spell library contained the following spells:

 Spells                   Type           Power      Damage    Failure   Level
 Inner Flame              Hex/Fire       4%         N/A       73%         3
 Portal Projectile        Hex/Tloc       8%         N/A       73%         3
 Cause Fear               Hex            3%         N/A       91%         4

Inventory:

Hand Weapons
 Y - a +1 sling (weapon)
Armour
 d - a +0 ring mail (worn)
Scrolls
 b - a scroll of enchant weapon {unknown}
 c - 2 scrolls of identify
Potions
 a - a potion of curing
 f - a potion of lignification {unknown}

Dungeon Overview and Level Annotations

Branches:
Dungeon (3/15)

Altars:


Message History

The sling bullet hits the frilled lizard.
You kill the frilled lizard!
Found a robe.
Enter note:
Enter note: A water moccasin comes into view.
The water moccasin hisses angrily.
Enter note:
Enter note: You shoot a sling bullet.
The sling bullet barely misses the water moccasin.
You shoot a sling bullet.
The sling bullet barely misses the water moccasin.
You shoot a sling bullet.
The sling bullet hits the water moccasin but does no damage.
The water moccasin bites you but does no damage.
You shoot a sling bullet.
The sling bullet hits the water moccasin.
The water moccasin is moderately wounded.
The water moccasin closely misses you. The water moccasin bites you.
You shoot a sling bullet.
The sling bullet barely misses the water moccasin.
The water moccasin bites you but does no damage.
The water moccasin bites you.
You shoot a sling bullet.
The sling bullet misses the water moccasin.
The water moccasin bites you. x2
You shoot a sling bullet.
The sling bullet closely misses the water moccasin.
The water moccasin bites you! The water moccasin barely misses you.
You shoot a sling bullet.
The sling bullet hits the water moccasin.
The water moccasin is moderately wounded.
The water moccasin bites you but does no damage.
The water moccasin bites you.
You shoot a sling bullet.
The sling bullet closely misses the water moccasin.
The water moccasin bites you but does no damage.
The water moccasin bites you!
You die...

#. ## #.... ####.
#.#...[ ..##. .....# #
#.##. .....# .# #.##.
#....#.# #.##. #.....##
#.##.
.######S..##.#.#####.##.
.......@............(...
#######.................
#######..###########.###
.........# #.#
########.###########.#
#.............#
###############


You could see a water moccasin.

Vanquished Creatures
  2 adders
  3 dart slugs
  2 ball pythons (D:2)
  4 endoplasms
  4 giant cockroaches
  5 goblins
  8 hobgoblins
  4 jackals (D:2)
  A quokka (D:1)
  3 bats
  5 frilled lizards
  2 kobolds (D:2)
  A rat (D:1)
44 creatures vanquished.

Notes
Turn   | Place    | Note
-------+----------+-------------------------------------------
     0 | D:1      | qw the Gargoyle Hexslinger began the quest for the Orb.
     0 | D:1      | Reached XP level 1. HP: 12/12 MP: 2/2
     0 | D:1      | 0 ||| qw: Version: 0.3-a-46-gb1f654a
     0 | D:1      | 0 ||| qw: Game counter: 3116
     0 | D:1      | 0 ||| qw: Melee chars always use a shield: true
     0 | D:1      | 0 ||| qw: God list: Okawaru
     0 | D:1      | 0 ||| qw: Allow faded altars: false
     0 | D:1      | 0 ||| qw: Do Orc after clearing Dungeon:15 true
     0 | D:1      | 0 ||| qw: Do second Lair branch before Depths: true
     0 | D:1      | 0 ||| qw: Lair rune preference: random
     0 | D:1      | 0 ||| qw: Goals: Normal
     0 | D:1      | 0 ||| PLANNING D:1-11
   158 | D:1      | Reached XP level 2. HP: 16/16 MP: 3/3
   325 | D:1      | Reached skill level 3 in Ranged Weapons
   495 | D:1      | 495 ||| UPGRADING to +0 ring mail.
   505 | D:1      | 505 ||| DROPPING +0 robe.
   506 | D:1      | 506 ||| READING scroll labelled RIKEED DATZA.
   507 | D:1      | 507 ||| READING scroll labelled PUBRADOTUZ.
   508 | D:1      | 508 ||| DROPPING scroll of poison.
   530 | D:2      | Reached XP level 3. HP: 21/21 MP: 4/4
   945 | D:2      | Reached XP level 4. HP: 20/26 MP: 5/5
  1121 | D:2      | 1121 ||| READING scroll labelled SAJEKATESS.
  1126 | D:2      | 1126 ||| READING 2 scrolls labelled COUT EXZIFIS.
  1127 | D:2      | 1127 ||| READING 2 scrolls labelled SANIFR DEIV.
  1128 | D:2      | 1128 ||| DRINKING 2 smoky sapphire potions.
  1129 | D:2      | 1129 ||| DROPPING scroll of immolation.
  1199 | D:3      | Reached skill level 4 in Ranged Weapons
  1325 | D:3      | Noticed a water moccasin
  1334 | D:3      | Slain by a water moccasin

Levels and vault maps discovered:
D:1:      lightli_arrival_flooded_house, layout_basic
D:2:      layout_basic
D:3:      layout_loops_ring

Skill      XL: |  1  2  3  4 |
---------------+-------------+-----
Ranged Weapons | 3 4 |  4.0
Fighting       | 2 |  2.0
Armour         | |  0.2
Dodging        | |  1.5
Spellcasting   | |  1.0
Hexes          | |  2.6

Action                     |  1- 3 |  4- 6 || total
---------------------------+-------+-------++-------
   Fire: Sling             |   140 |    28 ||   168
    Use: Scroll            |     2 |     3 ||     5
         Potion            |       |     1 ||     1
 Armour: Robe              |     7 |       ||     7
         Ring mail         |    35 |     8 ||    43
  Dodge: Dodged            |    59 |     4 ||    63

Table legend:
 A = Non-vault XP
 B = Vault XP
 C = Vault XP percentage of total XP
 D = Non-vault monster count
 E = Vault monster count
 F = Vault count percentage of total count
                 A         B        C        D         E       F
            +---------+---------+-------+---------+---------+-------
      Total |     105 |       0 |   0.0 |      44 |       0 |   0.0
            +---------+---------+-------+---------+---------+-------
        D:1 |      31 |       0 |   0.0 |      18 |       0 |   0.0
        D:2 |      54 |       0 |   0.0 |      22 |       0 |   0.0
        D:3 |      20 |       0 |   0.0 |       4 |       0 |   0.0
            +---------+---------+-------+---------+---------+-------
